 Dungeon Crawl Stone Soup version 0.24-a0-459-g225fefd530 (webtiles) character file.

Game seed: 14287356256216343560

109 Krouwed the Changer (level 4, -1/35 HPs)
             Began as a Draconian Transmuter on June 27, 2019.
             Slain by a black bear (5 damage)
             ... on level 2 of the Dungeon.
             The game lasted 00:05:34 (2128 turns).

Krouwed the Changer (Draconian Transmuter)          Turns: 2128, Time: 00:05:35

Health: -1/35      AC:  8    Str: 14    XL:     4   Next: 59%
Magic:  4/9        EV: 12    Int: 13    God:
Gold:   126        SH:  0    Dex: 11    Spells: 6/9 levels left

rFire    . . .     SeeInvis .     - Unarmed
rCold    . . .     Gourm    .   (no shield)
rNeg     . . .     Faith    .   (armour unavailable)
rPois    .         Spirit   .   (helmet restricted)
rElec    .         Reflect  .   h - +1 cloak
rCorr    .         Harm     .   i - +0 pair of gloves
MR       .....                  (boots currently unavailable)
Stlth    +.........             (no amulet)
HPRegen  0.11/turn              (no ring)
MPRegen  0.11/turn              (no ring)

@: appendage (expiring)
A: unfitting armour, talons 3, cold-blooded, AC +5
a: End Transformation


You were on level 2 of the Dungeon.
You were not hungry.
You had grown temporary talons.
You visited 1 branch of the dungeon, and saw 2 of its levels.

You collected 126 gold pieces.

Inventory:

Missiles
 a - 9 arrows
 e - 7 poisoned darts (quivered)
Armour
 h - a +1 cloak (worn)
 i - a +0 pair of gloves (worn)
Scrolls
 b - a scroll of remove curse {unknown}
 d - 4 scrolls of identify {unknown}
 f - a scroll of random uselessness {unknown}
Potions
 g - 2 potions of curing
 j - a potion of lignification {unknown}
 k - a potion of flight {unknown}
Comestibles
 c - 6 rations
 l - 5 chunks of flesh


   Skills:
 - Level 1.1 Fighting
 - Level 1.7 Dodging
 - Level 3.0 Unarmed Combat
 - Level 3.4 Spellcasting
 + Level 3.7 Transmutations


You had 6 spell levels left.
You knew the following spells:

 Your Spells              Type           Power        Failure   Level  Hunger
a - Beastly Appendage     Tmut           ##....       4%          1    #......
b - Sticks to Snakes      Tmut           ##......     7%          2    ##.....

Your spell library contained the following spells:

 Spells                   Type           Power        Failure   Level  Hunger
 Spider Form              Tmut/Pois      #.........   30%         3    ###....
 Ice Form                 Ice/Tmut       #.......     71%         4    #####..
 Blade Hands              Tmut           ##........   78%         5    ######.


Dungeon Overview and Level Annotations

Branches:
Dungeon (2/15)

Altars:
Gozag
Xom


Innate Abilities, Weirdness & Mutations

Your plain brown scales are hard. (AC +5)
You cannot fit into any form of body armour.
You are cold-blooded and may be slowed by cold attacks.
You have claws for feet.


Message History

The black bear claws you but does no damage.
Your adder bites the black bear.
The black bear is poisoned.
Your adder poisons the black bear!
Your transformation is almost over.
Your adder barely misses the black bear.
Your adder bites the black bear.
The black bear goes berserk!
Throwing (i - inventory)
e - 8 poisoned darts (quivered)
Press: ? - help, Shift-Dir - straight line, f - black bear
Aim: a black bear (almost dead, berserk, fast, unusually strong, poisoned)
You throw a poisoned dart.
The poisoned dart barely misses the black bear.
The black bear looks more healthy.
The black bear bites you! The black bear claws you.
* * * LOW HITPOINT WARNING * * *
The black bear misses you.
Your adder barely misses the black bear.
The black bear bites you.
* * * LOW HITPOINT WARNING * * *
The black bear claws you.
You die...

....##......## #.......#
#............## ##.##
.##.#>........####...##
..............+.......###
.#............###.......#
...#.#.......## #.#.###.#
##...##.....## #.#(###.#
########..†######.#...# #
##..).)..@hS.#.#
#..####.####.#.#
#..##.....##.#.#
###..#.......#...
#....#.......#...
#........_.......#
######.#.(#.......#..##
.......#..#.......#.##
########..##.....## #


You could see a black bear (berserk) and a friendly adder.

Vanquished Creatures
  An orc priest (D:2)
  3 adders (D:2)
  2 dart slugs (D:2)
  2 leopard geckos (D:2)
  3 orcs (D:2)
  2 giant cockroaches
  4 goblins
  6 hobgoblins
  2 jackals (D:1)
  5 kobolds
  A quokka (D:2)
  2 ball pythons (D:1)
  3 bats (D:1)
  3 frilled lizards
  4 rats
43 creatures vanquished.

Notes
Turn   | Place    | Note
-------+----------+-------------------------------------------
     0 | D:1      | Krouwed the Draconian Transmuter began the quest for the
                  | Orb.
     0 | D:1      | Reached XP level 1. HP: 16/16 MP: 3/3
   219 | D:1      | Reached XP level 2. HP: 23/23 MP: 3/5
   916 | D:2      | Reached XP level 3. HP: 28/28 MP: 5/7
   954 | D:2      | Found an opulent altar of Gozag.
  1097 | D:2      | Learned a level 2 spell: Sticks to Snakes
  1476 | D:2      | Reached XP level 4. HP: 14/35 MP: 6/8
  1989 | D:2      | Found a shimmering altar of Xom.
  2106 | D:2      | Noticed a black bear
  2128 | D:2      | Slain by a black bear

Levels and vault maps discovered:
D:1:      dpeg_arrival_three_same_balls, layout_loops_ring
D:2:      layout_loops_corners, old_standard_altar, first_ration,
          grunt_gozag_statues

Skill      XL: |  1  2  3 |
---------------+----------+-----
Transmutations | 3 |  3.7
Spellcasting   | 3 |  3.4
Fighting       | |  1.1
Dodging        | |  1.7
Unarmed Combat | |  3.0

Action                   |  1- 3 |  4- 6 || total
-------------------------+-------+-------++-------
Melee: Unarmed           |   101 |    10 ||   111
       Tailslap          |     6 |     5 ||    11
       Headbutt          |    15 |     1 ||    16
       Kick              |     1 |     1 ||     2
       Hand axe          |       |    30 ||    30
Throw: Dart              |    14 |     1 ||    15
 Cast: Beastly Appendage |    20 |     3 ||    23
       Sticks to Snakes  |       |     3 ||     3
  Use: Potion            |     2 |       ||     2
       Scroll            |     1 |       ||     1
 Stab: Sleeping          |     1 |       ||     1
  Eat: Chunk             |     2 |     2 ||     4
Armor: Skin              |    35 |    17 ||    52
Dodge: Dodged            |    62 |    22 ||    84

Table legend:
 A = Non-vault XP
 B = Vault XP
 C = Vault XP percentage of total XP
 D = Non-vault monster count
 E = Vault monster count
 F = Vault count percentage of total count
                 A         B        C        D         E       F
            +---------+---------+-------+---------+---------+-------
      Total |     156 |       0 |   0.0 |      43 |       0 |   0.0
            +---------+---------+-------+---------+---------+-------
        D:1 |      24 |       0 |   0.0 |      15 |       0 |   0.0
        D:2 |     132 |       0 |   0.0 |      28 |       0 |   0.0
            +---------+---------+-------+---------+---------+-------
